 Dungeon Crawl Stone Soup version 0.28-a0-1339-ga5422284a4 (webtiles) character file.

Game seed: 18000829799457599942

939 bearlyready the Magician (level 8, -11/56 HPs)
             Began as a Djinni Fire Elementalist on Dec 28, 2021.
             Was an Initiate of Ashenzari.
             Mangled by a gnoll sergeant (14 damage)
             ... on level 6 of the Dungeon.
             The game lasted 00:09:21 (7204 turns).

bearlyready the Magician (Djinni Fire Elementalist) Turns: 7204, Time: 00:09:22

Health: -11/56     AC:  2    Str: 17      XL:     8   Next: 34%
Gold:   207        EV: 12    Int: 16 (18) God:    Ashenzari [......] SH:  0 Dex: 14 (15)

rFire   + + .      SeeInvis .   k - +7 lajatang "Viroel" {vamp, rC+ Str+4 Stlth+}
rCold   . . .      Faith    +   (no shield)
rNeg    . . .      Spirit   .   a - +0 robe
rPois   ∞          Reflect  .   (no helmet)
rElec   .          Harm     .   (no cloak)
rCorr   .          Rampage  .   (no gloves)
Will    .....                   (boots unavailable)
Stlth   +++.......              j - amulet "Loss of the Gnostic God" {Faith, Cun, Fort} (curse)
HPRegen 0.18/turn               y - +6 ring of strength
MPRegen 0.00/turn               (no ring)

@: flying
A: sickness immunity, fire resistance 2, cold vulnerability 1, float, innate
caster, hp casting, extra vitality 1, mutation resistance 1
a: Renounce Religion, Shatter the Chains


You were on level 6 of the Dungeon.
You worshipped Ashenzari.
Ashenzari was noncommittal.
You visited 2 branches of the dungeon, and saw 7 of its levels.

You collected 207 gold pieces.

Inventory:

Hand Weapons
 g - a +0 short sword
 k - the +7 lajatang "Viroel" (weapon) {vamp, rC+ Str+4 Stlth+}
   (You took it off a hobgoblin on level 4 of the Dungeon)

   It occasionally heals its wielder for a portion of the damage dealt when it
   wounds a living foe.
   Str:       It affects your strength (+4).
   rC:        It protects you from cold.
   Stlth:     It makes you more stealthy.
 q - a +0 dagger
 v - a +0 spear of venom
Missiles
 b - 11 sling bullets
 c - 105 stones
 s - 37 bolts
 w - 5 boomerangs of dispersal
 z - 21 poisoned darts
 A - 7 boomerangs
Armour
 a - a +0 robe (worn)
 f - a +0 kite shield
 l - a +0 buckler
Magical Staves
 m - a staff of air
 n - a staff of death
Jewellery
 j - the cursed amulet "Loss of the Gnostic God" (around neck) {Faith, Cun, Fort}
   (You found it on level 1 of the Dungeon)

   [amulet of faith]

   It allows you to gain divine favour quickly.
   It has a curse which improves the following skills: Cunning: Dodging and
   Stealth.
   Fortitude: Armour and Shields.
 y - a +6 ring of strength (left hand)
Scrolls
 d - 2 scrolls of silence
 e - 2 scrolls of enchant weapon
 i - 2 scrolls of identify
Potions
 h - a potion of magic
 t - 2 potions of mutation


   Skills:
 - Level 3.0 Fighting
 + Level 3.0 Staves
 - Level 2.1(2.6) Dodging
 - Level 1.5(2.0) Stealth
 - Level 2.0(2.4) Shields
 - Level 6.0 Spellcasting


You couldn't memorise any spells.
You knew the following spells:

 Your Spells              Type           Power      Damage    Failure   Level
a - Foxfire               Conj/Fire      96%        2x1d8     1%          1
b - Scorch                Fire           48%        2d7       1%          2
c - Conjure Flame         Conj/Fire      24%        6-21      3%          3
d - Inner Flame           Hex/Fire       24%        N/A       3%          3
e - Flame Wave            Conj/Fire      24%        2d6       11%         4
f - Freeze                Ice            96%        1d11      1%          1
g - Corpse Rot            Necr/Air       48%        N/A       1%          2
h - Mephitic Cloud        Conj/Pois/Air  24%        N/A       3%          3
Your spell library was empty.

Dungeon Overview and Level Annotations

Branches:
Dungeon (6/15)             Temple (1/1) D:4

Altars:
Ashenzari
Cheibriados
Dithmenos
Fedhas
Hepliaklqana
Kikubaaqudgha
Makhleb
Nemelex Xobeh
Okawaru
Ru
Sif Muna
Trog
Uskayaw
Vehumet
Wu Jian
Xom
Yredelemnul
Zin
The Shining One

Shops:
D:1 [   D:4 [


Innate Abilities, Weirdness & Mutations

You are immune to sickness and miasma.
You are immune to poison.
Your flesh is very heat resistant. (rF++)
You are vulnerable to cold. (rC-)
You float through the air rather than walking.
You learn spells naturally, not from books.
Your magical power is your life essence.
You have superior vitality. (+4 MHP)
You are somewhat resistant to further mutation.


Message History

The foxfire hits the gargoyle but does no damage.
The gargoyle is lightly damaged.
You conjure some foxfire!
The foxfire hits the gargoyle.
The gargoyle is lightly damaged.
The foxfire hits the gargoyle but does no damage.
The gargoyle is lightly damaged.
The gargoyle hurls a stone arrow at you.
The stone arrow misses you. The stone arrow hits your foxfire!!
Okay, then.
The foxfire hits the gargoyle!
The gargoyle is heavily damaged.
The foxfire hits the gargoyle but does no damage.
The gargoyle is heavily damaged.
Okay, then.
Okay, then.
You aren't carrying any items that you can evoke.
Okay, then.
Unknown command.
The gnoll throws a throwing net.
The throwing net hits you.
You become entangled in the net!
You see here a throwing net.
You struggle against the net.
You tear a large gash into the net.
The gargoyle hits you with a +0 mace!
You struggle against the net.
The gnoll sergeant hits you from afar with a +0 spear.
The gargoyle hurls a stone arrow at you.
The stone arrow hits you!!
* * * LOW HITPOINT WARNING * * *
You struggle against the net.
The gnoll sergeant hits you from afar with a +0 spear!
* * * LOW HITPOINT WARNING * * *
The gargoyle hurls a stone arrow at you.
The stone arrow misses you.
You shred the net and break free!
The gnoll sergeant hits you from afar with a +0 spear.
* * * LOW HITPOINT WARNING * * *
The gargoyle hurls a stone arrow at you.
The stone arrow misses you.
The gnoll sergeant hits you from afar with a +0 spear!
You die...

#+##.............#
.................+
.................#
.................# .
...........:....# ..
#.............# ..
#........g....# ..
#......@9.....# ..
#....##'#g....# ..
#....#..+.....#######
#....+..#..gg......gg
#....#..#.......#.#..
#....##+#......##
#..<.#.....#.#..#
#....#!...##.##..#
#....#..#..### [##


You could see a gargoyle, a gnoll sergeant and 3 gnolls.

Vanquished Creatures
  Sigmund (D:3)
  A steam dragon (D:4)
  An ogre (D:3)
  2 scorpions
  A water moccasin skeleton (D:4)
  A bullfrog zombie (D:5)
  A centaur zombie (D:5)
  A jelly (D:5)
  A hound (D:5)
  2 bullfrog skeletons
  2 iguanas
  An orc wizard (D:4)
  A howler monkey zombie (D:3)
  2 gnolls
  5 adders
  2 dart slugs (D:5)
  4 orcs
  9 ball pythons
  6 endoplasms
  2 giant cockroaches (D:3)
  8 hobgoblins
  6 jackals
  8 kobolds
  5 quokkas
  2 bats (D:1)
  3 frilled lizards
  3 goblins
  4 rats
85 creatures vanquished.

Vanquished Creatures (others)
  174 foxfires
174 creatures vanquished.

Grand Total: 259 creatures vanquished

Notes
Turn   | Place    | Note
-------+----------+-------------------------------------------
     0 | D:1      | bearlyready the Djinni Fire Elementalist began the quest
                  | for the Orb.
     0 | D:1      | Reached XP level 1. HP: 15/15 MP: 0/0
   379 | D:1      | Found Anefy's Antique Armour Emporium.
   474 | D:1      | Reached XP level 2. HP: 13/21 MP: 0/0
   701 | D:1      | Reached skill level 3 in Spellcasting
   987 | D:1      | Reached XP level 3. HP: 17/25 MP: 0/0
   987 | D:1      | Learned a level 1 spell: Freeze
  1587 | D:2      | Noticed a scorpion
  1594 | D:2      | Killed a scorpion
  1595 | D:2      | Reached skill level 4 in Spellcasting
  1595 | D:2      | Reached XP level 4. HP: 18/31 MP: 0/0
  1878 | D:2      | Found a faded altar of an unknown god.
  2763 | D:3      | Noticed Sigmund
  2769 | D:3      | Killed Sigmund
  2770 | D:3      | Reached skill level 5 in Spellcasting
  2770 | D:3      | Reached XP level 5. HP: 19/35 MP: 0/0
  2770 | D:3      | Learned a level 2 spell: Corpse Rot
  2770 | D:3      | Reached XP level 6. HP: 21/40 MP: 0/0
  2914 | D:3      | Found a bloodstained altar of Trog.
  2916 | D:3      | Found a snail-covered altar of Cheibriados.
  2917 | D:3      | Found a shimmering altar of Xom.
  2993 | D:3      | Found a blossoming altar of Fedhas.
  3255 | D:3      | Noticed an ogre
  3269 | D:3      | Killed an ogre
  3270 | D:3      | Reached skill level 1 in Fighting
  3856 | D:3      | Found a glowing silver altar of Zin.
  3856 | D:3      | Noticed an angel
  3929 | D:3      | Found a sacrificial altar of Ru.
  4045 | D:3      | Found a faded altar of an unknown god.
  4049 | D:3      | Found a basalt altar of Yredelemnul.
  4098 | D:4      | Noticed a steam dragon
  4107 | D:4      | Killed a steam dragon
  4108 | D:4      | Reached skill level 1 in Shields
  4108 | D:4      | Reached XP level 7. HP: 35/49 MP: 0/0
  4108 | D:4      | Learned a level 3 spell: Mephitic Cloud
  4794 | D:4      | Found a shadowy altar of Dithmenos.
  4815 | D:4      | Found a staircase to the Ecumenical Temple.
  4902 | D:4      | Found Heishrob's Armour Shop.
  4965 | D:4      | Identified the +7 lajatang "Viroel" {vamp, rC+ Str+4
                  | Stlth+}
  5504 | Temple   | Entered the Ecumenical Temple
  5591 | Temple   | Became a worshipper of Ashenzari the Shackled
  5618 | D:5      | Entered Level 5 of the Dungeon
  5901 | D:5      | Reached skill level 1 in Staves
  5918 | D:5      | Reached XP level 8. HP: 35/56 MP: 0/0
  6158 | D:5      | Gained mutation: You are somewhat resistant to further
                  | mutation. [potion of mutation]
  6424 | D:5      | Reached skill level 6 in Spellcasting
  6541 | D:5      | Found a glowing golden altar of the Shining One.
  6541 | D:5      | Found a hazy altar of Hepliaklqana.
  7190 | D:6      | Noticed a gargoyle
  7204 | D:6      | Mangled by a gnoll sergeant

Illustrated notes

Levels and vault maps discovered:
D:1:      eino_arrival_cavern_a, layout_loops_ring, serial_shops,
          nicolae_shop_competitors_out_of_business, minmay_small_reverse_x
D:2:      layout_loops_ring, shapermc_ecumenical_altar_petra
D:3:      layout_loops_ring, nicolae_overflow_ecumenical_swirl,
          mainiacjoe_overflow_paths, minitemple, zin_angel,
          nicolae_ru_the_path_less_chosen, uniq_sigmund
D:4:      layout_cave_pools, kennysheep_little_box, minmay_temple_entry_trees,
          serial_shops, shop
D:5:      layout_basic, gammafunk_temple_overflow_wave, serial_corexii_hall,
          corexii_hall_statues_u, chequers_hall_statues_corner_a,
          serial_bayou_lagoon_b
D:6:      layout_gridville, minmay_between, uniq_blork_the_orc
Temple:   dpeg_three_leaves_temple

Skill      XL: |  1  2  3  4  5  6  7  8 |
---------------+-------------------------+-----
Spellcasting   | 3 4 5 6 |  6.0
Fighting       | 2 3 |  3.0
Shields        | 1 2 |  2.0
Staves         | 1 3 |  3.0
Dodging        | |  2.1
Stealth        | |  1.5

Action                   |  1- 3 |  4- 6 |  7- 9 || total
-------------------------+-------+-------+-------++-------
Melee: Unarmed           |    12 |       |       ||    12
       Short sword       |     7 |       |       ||     7
       Dagger            |       |    12 |       ||    12
       Spear             |       |    72 |    59 ||   131
       Lajatang          |       |       |    22 ||    22
 Cast: Foxfire           |    46 |    28 |    31 ||   105
       Scorch            |     2 |     9 |     9 ||    20
Invok: Curse Item        |       |       |     1 ||     1
  Use: Scroll            |       |       |     4 ||     4
       Potion            |       |       |     7 ||     7
 Stab: Sleeping          |       |     4 |     6 ||    10
Armor: Robe              |     9 |    11 |     9 ||    29
Dodge: Dodged            |    29 |    58 |    61 ||   148

Table legend: (Time is in decaauts)
 A = Elapsed time spent in this place.
 B = Non-inter-level travel time spent in this place.
 C = Inter-level travel time spent in this place.
 D = Time resting spent in this place.
 E = Time spent auto-exploring this place.
 F = Levels seen in this place.
 G = Mean time per level.
                   A        B        C        D        E       F      G
               +--------+--------+--------+--------+--------+-----+--------+
         Total |   7206 |   6990 |    216 |    433 |   5733 |   7 | 1029.4 |
       Dungeon |   7108 |   6912 |    196 |    433 |   5675 |   6 | 1184.7 |
        Temple |     97 |     77 |     20 |      0 |     58 |   1 |   97.0 |
               +--------+--------+--------+--------+--------+-----+--------+

Top non-repeatable levels by time:
     D:3: 1733 daAuts
     D:1: 1523 daAuts
     D:5: 1519 daAuts
     D:2: 1185 daAuts
     D:4: 1070 daAuts
  Temple: 97 daAuts
     D:6: 75 daAuts
